 Dungeon Crawl Stone Soup version 0.22-a0-15-g4f60a598d5 (webtiles) character file.

41 NixNut the Magician (level 3, 0/26 HPs)
             Began as a Demonspawn Wizard on Jan 2, 2018.
             Slain by a hobgoblin (1 damage)
             ... on level 1 of the Dungeon.
             The game lasted 00:12:28 (1809 turns).

NixNut the Magician (Demonspawn Wizard)             Turns: 1809, Time: 00:12:29

Health: 0/26       AC:  6    Str:  7    XL:     3   Next: 32%
Magic:  1/7        EV: 10    Int: 20    God:
Gold:   66         SH:  0    Dex: 11    Spells: 3/8 levels left

rFire    . . .     SeeInvis .   k - +0 short sword (curse)
rCold    . . .     Gourm    .   (no shield)
rNeg     . . .     Faith    .   i - +1 ring mail (curse)
rPois    .         Spirit   .   b - +0 hat
rElec    .         Reflect  .   (no cloak)
rCorr    .         Harm     .   (no gloves)
MR       .....                  (no boots)
Stlth    +.........             (no amulet)
HPRegen  0.08/turn              (no ring)
MPRegen  0.10/turn              (no ring)

@: lethally poisoned (0 -> -5), very slightly contaminated
A: claws 1
a: no special abilities


You were on level 1 of the Dungeon.
You were not hungry.

You visited 1 branch of the dungeon, and saw 2 of its levels.

You collected 66 gold pieces.

Inventory:

Hand Weapons
 h - a cursed -2 short sword
 k - a cursed +0 short sword (weapon)
Armour
 a - a +0 robe
 b - a +0 hat (worn)
 i - a cursed +1 ring mail (worn)
Jewellery
 g - an uncursed ring of fire
Scrolls
 f - a scroll of teleportation
 j - a scroll of identify
 l - a scroll of fog
Potions
 e - a potion of curing
Books
 c - a book of Minor Magic

   Spells                             Type                      Level
   a - Magic Dart                     Conjuration                  1
   b - Blink                          Translocation                2
   c - Call Imp                       Summoning                    2
   d - Slow                           Hexes                        2
   e - Conjure Flame                  Conjuration/Fire             3
   f - Mephitic Cloud                 Conjuration/Poison/Air       3
Comestibles
 d - 3 rations


   Skills:
 + Level 1.2 Fighting
 - Level 1.8 Dodging
 - Level 1.9 Stealth
 + Level 3.3 Spellcasting
 * Level 2.2 Conjurations
 - Level 1.0 Summonings
 - Level 0.8 Translocations


You had 3 spell levels left.
You knew the following spells:

 Your Spells              Type           Power        Failure   Level  Hunger
a - Magic Dart            Conj           ##..         19%         1    None
b - Blink                 Tloc           N/A          45%         2    ##.....
c - Call Imp              Summ           #.......     43%         2    ##.....


Dungeon Overview and Level Annotations

Branches:
Dungeon (2/15)

Altars:


Innate Abilities, Weirdness & Mutations

You have sharp fingernails.


Message History

You hit the adder.
The adder is severely wounded.
You feel sick.
You are no longer poisoned.
The adder bites you.
* * * LOW HITPOINT WARNING * * *
You miss the adder.
The adder is severely wounded.
The adder barely misses you. x2
You miss the adder.
The adder is severely wounded.
The adder bites you but does no damage.
The hobgoblin hits you but does no damage.
Your ring mail prevents you from hitting the adder.
The adder is severely wounded.
The adder bites you.
* * * LOW HITPOINT WARNING * * *
You are lethally poisoned!
The adder poisons you! The hobgoblin hits you.
You die...

#............#######)#........
#.......###....#.....##.......
#.....................##......
#......#####..........####..#.
####......#####..........#####...
.........................)..g....
.........######..................
...##.#### #.gS...............
.......##### #.@........#.......
#.###......## #..........#.......
......####..###..........#.......
......# ##.....##.#.............
......# #..##.#........####..##
......# ##..#.##........# #..##
......####..##...........# ##..#
#.....(........##........# #...#
#.........#####..........# #...##


You could see an adder and a hobgoblin.

Vanquished Creatures
  2 gnolls (D:1)
  A dart slug (D:1)
  A leopard gecko (D:1)
  A giant cockroach (D:1)
  4 goblins
  3 hobgoblins (D:1)
  A bat (D:1)
  A frilled lizard (D:2)
  2 kobolds (D:1)
  3 rats
19 creatures vanquished.

Vanquished Creatures (collateral kills)
  A kobold (D:2)
1 creature vanquished.

Vanquished Creatures (others)
  A quokka (D:2)
  2 rats (D:2)
3 creatures vanquished.

Grand Total: 23 creatures vanquished

Notes
Turn   | Place    | Note
-------+----------+-------------------------------------------
     0 | D:1      | NixNut the Demonspawn Wizard began the quest for the Orb.
     0 | D:1      | Reached XP level 1. HP: 13/13 MP: 4/4
   321 | D:1      | Gained mutation: You have sharp fingernails. [demonic ancestry]
   321 | D:1      | Reached XP level 2. HP: 15/19 MP: 0/6
   831 | D:1      | Learned a level 2 spell: Blink
   834 | D:1      | Learned a level 2 spell: Call Imp
  1140 | D:2      | Reached skill level 1 in Fighting
  1152 | D:2      | Reached XP level 3. HP: 26/26 MP: 0/7
  1275 | D:1      | HP: 1/26 [gnoll/flail (10)]
  1809 | D:1      | HP: 1/26 [adder (4)]
  1809 | D:1      | Slain by a hobgoblin

Vault maps used:
D:1:      dpeg_arrival_connections, minmay_pentomino_z2
D:2:      elyvilon_altar_4, grunt_ministairs_10

Skill      XL: |  1  2 |
---------------+-------+-----
Conjurations   | 2 |  2.2
Fighting       | 1 |  1.2
Dodging        | |  1.8
Stealth        | |  1.9
Spellcasting   | |  3.3
Summonings     | |  1.0
Translocations | |  0.8

Action                   || total
-------------------------++-------
Melee: Unarmed           ||    22
       Short sword       ||    47
 Cast: Magic Dart        ||    47
       Blink             ||     7
       Call Imp          ||     2
  Use: Scroll            ||     5
       Potion            ||     1
  Eat: Chunk             ||     1
       Ration            ||     1
Armor: Ring mail         ||    37
       Robe              ||     3
Dodge: Dodged            ||    59

Table legend:
 A = Spawn XP
 B = Non-spawn XP
 C = Spawn XP percentage of total XP
 D = Spawn monster count
 E = Non-spawn monster count
 F = Spawn count percentage of total count
 G = Total turns spent on level
                    A         B        C        D         E        F      G
               +---------+---------+-------+---------+---------+-------+---------
         Total |       0 |      59 |   0.0 |       0 |      20 |   0.0 |  1809
               +---------+---------+-------+---------+---------+-------+---------
           D:1 |       0 |      52 |   0.0 |       0 |      15 |   0.0 |  1655
           D:2 |       0 |       7 |   0.0 |       0 |       5 |   0.0 |   154
               +---------+---------+-------+---------+---------+-------+---------
